 Dungeon Crawl Stone Soup version 0.30-a0-739-gea05faddec (webtiles) character file.

Game seed: 7904861062009933073

894 ASSMAN the Ruffian (level 7, -8/52 HPs)
             Began as a Demonspawn Cinder Acolyte on Feb 5, 2023.
             Was a High Priest of Ignis.
             Mangled by an ogre
             ... wielding a +0 giant spiked club
              (31 damage)
             ... on level 6 of the Dungeon.
             The game lasted 00:12:44 (5558 turns).

ASSMAN the Ruffian (Demonspawn Cinder Acolyte)      Turns: 5558, Time: 00:12:45

Health: -8/52      AC: 15    Str: 21    XL:     7   Next: 78%
Magic:  2/8        EV: 11    Int: 17    God:    Ignis [*****.]
Gold:   285        SH:  0    Dex:  8    Spells: 6/8 levels left

rFire   + + .      SeeInvis .      - Unarmed
rCold   x . .      Faith    .    (no shield)
rNeg    . . .      Spirit   .    j - +2 leather armour {Will+}
rPois   .          Reflect  .    (helmet restricted)
rElec   .          Harm     .    (no cloak)
rCorr   .          Rampage  .    n - +0 pair of gloves
Will    +....                    (no boots)
Stlth   +                        (no amulet)
HPRegen 0.28/turn                g - +6 ring of strength
MPRegen 0.11/turn                u - ring of fire

@: marked, fiery-armoured
A: horns 2, molten scales 1, powered by pain 3
a: Renounce Religion, Fiery Armour, Foxfire Swarm, Rising Flame


You were on level 6 of the Dungeon.
You worshipped Ignis.
Ignis was extremely pleased with you.
You visited 1 branch of the dungeon, and saw 6 of its levels.

You collected 285 gold pieces.

Inventory:

Armour
 j - a +2 leather armour of willpower (worn)
 n - a +0 pair of gloves (worn)
Jewellery
 g - a +6 ring of strength (left hand)
 u - a ring of fire (right hand)
Wands
 s - a wand of charming (12)
Scrolls
 b - a scroll of amnesia {unknown}
 c - a scroll of fear {unknown}
 d - a scroll of immolation {unknown}
 e - 3 scrolls of identify
 f - a scroll of torment {unknown}
 h - 4 scrolls of teleportation {unknown}
 l - a scroll of butterflies {unknown}
 o - 4 scrolls of enchant armour {unknown}
 r - 2 scrolls of poison {unknown}
Potions
 i - 2 potions of curing
 k - 2 potions of degeneration
 m - 3 potions of ambrosia
 p - 2 potions of heal wounds
 q - a potion of invisibility {unknown}
 t - a potion of might {unknown}


   Skills:
 - Level 3.0 Fighting
 + Level 6.3 Unarmed Combat
 - Level 1.0 Spellcasting
 + Level 6.3 Fire Magic


You had 6 spell levels left.
You knew the following spells:

 Your Spells              Type           Power      Damage    Failure   Level
a - Scorch                Fire           66%        2d8       2%          2

Your spell library contained the following spells:

 Spells                   Type           Power      Damage    Failure   Level
 Inner Flame              Hex/Fire       17%        N/A       21%         3
 Necrotise                Necr           0%         1d4       24%         1
 Summon Small Mammal      Summ           0%         N/A       24%         1
 Flame Wave               Conj/Fire      17%        2d7       54%         4
 Sticky Flame             Conj/Fire      17%        2d4       54%         4
 Call Canine Familiar     Summ           0%         N/A       58%         3
 Portal Projectile        Hex/Tloc       0%         N/A       58%         3
 Summon Guardian Golem    Hex/Summ       0%         N/A       58%         3
 Tukima's Dance           Hex            0%         N/A       58%         3
 Vampiric Draining        Necr           0%         2d6       58%         3
 Agony                    Necr           0%         N/A       100%        5
 Blade Hands              Tmut           0%         N/A       100%        5
 Summon Forest            Summ/Tloc      0%         N/A       100%        5
 Eringya's Noxious Bog    Tmut/Pois      0%         N/A       100%        6
 Summon Hydra             Summ           0%         N/A       100%        7


Dungeon Overview and Level Annotations

Branches:
Dungeon (6/15)             Temple (0/1) D:4

Altars:
Okawaru
Qazlal
Sif Muna
Vehumet
Xom

Annotations:
D:5 exclusion: statue


Innate Abilities, Weirdness & Mutations

You have a pair of horns on your head.
You are partially covered in molten scales. (AC +2)
You are powered by pain.


Message History

The bullfrog closely misses you.
The frilled lizard bites you but does no damage.
The frilled lizard is burned by your cloak of flames.
You kill the frilled lizard!
The ogre hits you with a +0 giant spiked club!
The ogre is burned by your cloak of flames.
The ogre is severely wounded.
You barely miss the ogre.
The ogre is severely wounded.
The bullfrog hits you.
The bullfrog is burned terribly!
The bullfrog is burned by your cloak of flames.
The bullfrog is almost dead.
The frilled lizard hisses.
The frilled lizard bites you.
The frilled lizard is burned by your cloak of flames.
You kill the frilled lizard!
The bullfrog completely misses you.
You hit the ogre. Your headbutt misses the ogre.
The ogre is almost dead.
The bullfrog hits you!
The bullfrog is burned terribly!
The bullfrog is burned by your cloak of flames.
You kill the bullfrog!
You hear some strange, mumbled words.
A magic dart appears from out of thin air!
The magic dart hits you! The ogre closely misses you.
The iguana bites you but does no damage.
The iguana is burned by your cloak of flames.
The iguana is lightly wounded.
Casting: Scorch (safe; 2% risk of failure)
Confirm with . or Enter, or press ? or * to list all spells.
You feel a surge of power!
Flames lash something.
Something hits you but does no damage.
A jelly comes into view.
The iguana bites you but does no damage.
The frilled lizard bites you but does no damage.
The frilled lizard is burned by your cloak of flames.
You kill the frilled lizard!
The ogre hits you with a +0 giant spiked club!!
Ouch! That really hurt!
You die...

##.##._8_.#########
.. #......_...# .
+..........# #.
##.........# #..
#..##.##.##
##..###+##J##.#..#
#................#
#....O..........)#
#....{@†..)......#
#....#.l#'####.####
#### ###. .# .# ..
.. . ... .. .# ..##
#+ #.. ...


You could see an ogre, an iguana and a jelly.

Vanquished Creatures
  An ice beast (D:5)
  2 ogres (D:5)
  A bullfrog (D:6)
  2 necrophages
  2 orc priests
  A hound (D:5)
  Natasha (D:3)
  An iguana (D:5)
  2 orc wizards
  3 gnolls (D:2)
  7 adders
  2 shadow imps
  An ufetubus (D:5)
  3 worms
  5 dart slugs
  18 orcs
  10 bats
  9 endoplasms
  2 giant cockroaches (D:2)
  7 goblins
  6 hobgoblins
  10 jackals (D:3)
  5 quokkas
  6 ball pythons
  10 frilled lizards
  5 kobolds
  2 rats
124 creatures vanquished.

Vanquished Creatures (others)
  5 plants (D:6)
5 creatures vanquished.

Grand Total: 129 creatures vanquished

Notes
Turn   | Place    | Note
-------+----------+-------------------------------------------
     0 | D:1      | ASSMAN the Demonspawn Cinder Acolyte began the quest for
                  | the Orb.
     0 | D:1      | Reached XP level 1. HP: 18/18 MP: 2/2
   254 | D:1      | Gained mutation: You have a pair of small horns on your
                  | head. [demonic ancestry]
   254 | D:1      | Reached XP level 2. HP: 24/24 MP: 3/3
   364 | D:1      | Learned a level 2 spell: Scorch
   838 | D:2      | Gained mutation: You sometimes gain a little power by
                  | taking damage. [demonic ancestry]
   838 | D:2      | Reached XP level 3. HP: 22/29 MP: 0/4
  1243 | D:2      | Gained mutation: You are partially covered in molten
                  | scales. (AC +2) [demonic ancestry]
  1243 | D:2      | Reached XP level 4. HP: 35/35 MP: 0/5
  1644 | D:2      | Found a faded altar of an unknown god.
  2557 | D:3      | Gained mutation: You sometimes gain power by taking damage.
                  | [demonic ancestry]
  2557 | D:3      | Reached XP level 5. HP: 34/41 MP: 1/6
  3615 | D:4      | Noticed Natasha
  3631 | D:4      | Gained mutation: You have a pair of horns on your head.
                  | [demonic ancestry]
  3631 | D:4      | Reached XP level 6. HP: 13/46 MP: 1/7
  3893 | D:3      | Killed Natasha
  3894 | D:3      | Reached skill level 5 in Unarmed Combat
  3899 | D:4      | Reached skill level 5 in Fire Magic
  3901 | D:4      | Found a staircase to the Ecumenical Temple.
  4531 | D:5      | Entered Level 5 of the Dungeon
  4673 | D:5      | Gained mutation: You are powered by pain. [demonic
                  | ancestry]
  4673 | D:5      | Reached XP level 7. HP: 40/52 MP: 0/8
  4934 | D:5      | Found a radiant altar of Vehumet.
  5456 | D:6      | Found a shimmering altar of Xom.
  5457 | D:6      | Found a shimmering blue altar of Sif Muna.
  5457 | D:6      | Found a stormy altar of Qazlal.
  5457 | D:6      | Found an iron altar of Okawaru.
  5558 | D:6      | Mangled by an ogre

Illustrated notes

Levels and vault maps discovered:
D:1:      minmay_arrival_three_doors, layout_basic
D:2:      minmay_alternating_diamond, layout_loops_corners,
          ebering_ecumenical_altar_hall, chequers_garden
D:3:      layout_loops_ring, chequers_serial_rivers_room_b
D:4:      layout_cave_pools, minmay_temple_entry_junction,
          chequers_decorated_corner, uniq_natasha
D:5:      layout_rooms, vehumet_statue, zin_scriptorium
D:6:      layout_gridville, chequers_temple_overflow_statue_of_worship,
          mainiacjoe_overflow_two_lobes, minmay_lizard_king, uniq_grinder

Skill      XL: |  1  2  3  4  5  6  7 |
---------------+----------------------+-----
Unarmed Combat | 3 4 5 6 |  6.3
Fire Magic     | 3 4 5 6 |  6.3
Fighting       | |  3.0
Spellcasting   | |  1.0

Action                     |  1- 3 |  4- 6 |  7- 9 || total
---------------------------+-------+-------+-------++-------
  Melee: Unarmed           |    98 |   214 |    20 ||   332
         Headbutt          |     6 |    31 |     2 ||    39
         Punch             |     2 |     6 |     1 ||     9
  Throw: Throwing net      |       |     3 |       ||     3
   Cast: Scorch            |    14 |    50 |    22 ||    86
 Invoke: Fiery Armour      |       |     1 |     2 ||     3
    Use: Potion            |       |     8 |       ||     8
         Scroll            |       |     1 |       ||     1
   Stab: Held in net/web   |       |     3 |       ||     3
 Armour: Robe              |    26 |    93 |       ||   119
         Leather armour    |       |       |    17 ||    17
  Dodge: Dodged            |    70 |   144 |    13 ||   227

Table legend: (Time is in decaauts)
 A = Elapsed time spent in this place.
 B = Non-inter-level travel time spent in this place.
 C = Inter-level travel time spent in this place.
 D = Time resting spent in this place.
 E = Time spent auto-exploring this place.
 F = Levels seen in this place.
 G = Mean time per level.
                   A        B        C        D        E       F      G
               +--------+--------+--------+--------+--------+-----+--------+
         Total |   5501 |   5355 |    146 |    425 |   4074 |   6 |  916.8 |
       Dungeon |   5501 |   5355 |    146 |    425 |   4074 |   6 |  916.8 |
               +--------+--------+--------+--------+--------+-----+--------+

Top non-repeatable levels by time:
     D:2: 1679 daAuts
     D:3: 1260 daAuts
     D:4: 856 daAuts
     D:5: 848 daAuts
     D:1: 753 daAuts
     D:6: 103 daAuts
